 Dungeon Crawl Stone Soup version 0.29-a0-330-g52719c12eb (webtiles) character file.

Game seed: 11456195776331017435

631 kae the Firebug (level 7, -4/45 HPs)
             Began as an Octopode Fire Elementalist on Apr 16, 2022.
             Was an Initiate of Ashenzari.
             Slain by Edmund
             ... wielding a +1 flail of protection
              (11 damage)
             ... on level 4 of the Dungeon.
             The game lasted 00:03:11 (6387 turns).

kae the Firebug (Octopode Fire Elementalist)        Turns: 6387, Time: 00:03:12

Health: -4/45      AC:  5    Str:  7    XL:     7   Next: 48%
Magic:  0/11       EV: 14    Int: 19    God:    Ashenzari [......]
Gold:   150        SH:  0    Dex: 13    Spells: 3/12 levels left

rFire   . . .      SeeInvis .   e - +3 spear (venom)
rCold   . . .      Faith    .   (no shield)
rNeg    . . .      Spirit   .   (helmet restricted)
rPois   .          Reflect  .   (no amulet)
rElec   .          Harm     .   d - ring of willpower
rCorr   .          Rampage  .   r - +4 ring of protection
Will    +....                   (no ring)
Stlth   ++++......              (no ring)
HPRegen 0.15/turn               (no ring)
MPRegen 0.12/turn               (no ring)
                                (no ring)
                                (no ring)

@: no status effects
A: almost no armour, amphibious, 8 rings, camouflage 1, gelatinous body 1,
(nimble swimmer 1), tentacles
a: Renounce Religion


You were on level 4 of the Dungeon.
You worshipped Ashenzari.
Ashenzari was noncommittal.
You visited 2 branches of the dungeon, and saw 6 of its levels.

You collected 203 gold pieces.
You spent 53 gold pieces at shops.

Inventory:

Hand Weapons
 e - a +3 spear of venom (weapon)
Jewellery
 d - a ring of willpower (left tentacle)
 r - a +4 ring of protection (right tentacle)
Wands
 f - a wand of flame (7)
Scrolls
 c - a scroll of magic mapping
 g - 2 scrolls of identify
 h - a scroll of amnesia {unknown}
Potions
 a - 2 potions of magic
 i - a potion of degeneration
 j - a potion of berserk rage
 k - a potion of heal wounds
 m - a potion of cancellation {unknown}
 p - a potion of ambrosia {unknown}
 q - a potion of resistance {unknown}
 s - a potion of curing {unknown}


   Skills:
 + Level 2.5 Fighting
 + Level 3.4 Dodging
 + Level 4.9 Stealth
 + Level 3.3 Spellcasting
 + Level 3.0 Conjurations
 * Level 5.1 Fire Magic


You had 3 spell levels left.
You knew the following spells:

 Your Spells              Type           Power      Damage    Failure   Level
a - Foxfire               Conj/Fire      72%        2x1d7     2%          1
b - Scorch                Fire           44%        2d7       2%          2
c - Conjure Flame         Conj/Fire      18%        6-21      9%          3
d - Inner Flame           Hex/Fire       12%        N/A       16%         3

Your spell library contained the following spells:

 Spells                   Type           Power      Damage    Failure   Level
 Flame Wave               Conj/Fire      18%        2d6       26%         4


Dungeon Overview and Level Annotations

Branches:
Dungeon (5/15)             Temple (1/1) D:4

Altars:
Ashenzari
Cheibriados
Dithmenos
Elyvilon
Fedhas
Gozag
Hepliaklqana
Kikubaaqudgha
Makhleb
Nemelex Xobeh
Okawaru
Qazlal
Ru
Sif Muna
Trog
Uskayaw
Vehumet
Wu Jian
Xom
Yredelemnul
Zin
The Shining One
Lugonu

Shops:
D:2 *

Portals:
Abyss: D:4

Annotations:
D:4 2 runed translucent doors, Edmund


Innate Abilities, Weirdness & Mutations

You cannot wear most types of armour.
You are amphibious.
You can wear up to eight rings at the same time.
Your skin changes colour to match your surroundings (Stealth+).
Your rubbery body absorbs attacks. (AC +1, EV +1)
((You are camouflaged when in or above water. (Stealth+)))
You have tentacles for arms and can constrict up to eight enemies at once.


Message History

Edmund's fire resistance burns away.
Edmund completely misses you. Edmund barely misses you.
Casting: Scorch (safe; 2% risk of failure)
Confirm with . or Enter, or press ? or * to list all spells.
Flames lash Edmund.
Edmund is burned terribly!
Edmund is heavily wounded.
Edmund hits you with a +1 flail of protection.
Edmund says, "Everyone always remembers my brother. 'Who's Edmund?' they ask!"
Edmund hits you with a +1 flail of protection.
Casting: Scorch (safe; 2% risk of failure)
Confirm with . or Enter, or press ? or * to list all spells.
Flames lash Edmund.
Edmund is burned terribly!
Edmund is severely wounded.
Edmund hits you with a +1 flail of protection!
* * * LOW HITPOINT WARNING * * *
Edmund barely misses you.
Casting: Scorch (safe; 2% risk of failure)
Confirm with . or Enter, or press ? or * to list all spells.
Flames lash Edmund.
Edmund is burned terribly!
Edmund is almost dead.
Edmund hits you but does no damage. Edmund misses you.
Casting: Scorch (safe; 2% risk of failure)
Confirm with . or Enter, or press ? or * to list all spells.
You don't have enough magic to cast this spell.
You barely miss Edmund. You grab Edmund. You squeeze Edmund, but do no damage.
Edmund is almost dead.
You constrict Edmund, but do no damage.
Edmund asks, "Have you met my wondrous brother?"
Edmund completely misses you.
You barely miss Edmund.
Edmund is almost dead.
You constrict Edmund, but do no damage.
Edmund hits you with a +1 flail of protection.
* * * LOW HITPOINT WARNING * * *
You barely miss Edmund.
Edmund is almost dead.
You constrict Edmund.
Edmund hits you with a +1 flail of protection!
You die...

#....# ###................#†..
#....# #...(..............#...
#....# #................###...
#....###................###...
#.....................)..##...
#.......##......#..#.....##...
#.......#..........#.....##...
#.......#.....@..#.#.#...##...
##...........@....###....''...
######.##..^..#...#...#......
#######.##..[...#.....#....#+#
#....##......#####.>.#####....
#...............#.....#.......
##..............#...#...#......
#.............#....###.........
#.................#.#.#........
#...................#..........


You could see Edmund (combustible).

Vanquished Creatures
  Sigmund (D:4)
  A black bear (D:4)
  An ogre (D:4)
  A bullfrog (D:3)
  Jessica (D:2)
  Ijyb (D:4)
  7 gnolls
  3 adders
  A white imp (D:4)
  A worm (D:2)
  6 orcs
  6 ball pythons
  4 bats
  2 endoplasms
  5 giant cockroaches
  7 goblins
  8 hobgoblins
  8 jackals (D:2)
  3 frilled lizards (D:2)
  6 kobolds
  12 rats
85 creatures vanquished.

Vanquished Creatures (others)
  213 foxfires
213 creatures vanquished.

Grand Total: 298 creatures vanquished

Notes
Turn   | Place    | Note
-------+----------+-------------------------------------------
     0 | D:1      | kae the Octopode Fire Elementalist began the quest for the
                  | Orb.
     0 | D:1      | Reached XP level 1. HP: 11/11 MP: 3/3
   470 | D:1      | Reached XP level 2. HP: 17/17 MP: 0/5
  1363 | D:2      | Reached XP level 3. HP: 22/22 MP: 1/6
  2101 | D:2      | Found Semetoal's Assorted Antiques.
  2107 | D:2      | Bought a bubbling emerald potion for 25 gold pieces
  2107 | D:2      | Bought a scroll labelled CEADGHO URANOFF for 28 gold pieces
  2173 | D:2      | Noticed Jessica
  2312 | D:1      | Reached skill level 1 in Fighting
  2312 | D:1      | Reached XP level 4. HP: 17/28 MP: 7/7
  2680 | D:2      | Killed Jessica
  3056 | D:2      | Reached XP level 5. HP: 32/33 MP: 8/8
  3353 | D:3      | Reached skill level 4 in Fire Magic
  3948 | D:3      | Reached XP level 6. HP: 36/39 MP: 4/10
  4065 | D:3      | Found a faded altar of an unknown god.
  4143 | D:4      | Noticed Sigmund
  4162 | D:4      | Killed Sigmund
  4307 | D:4      | Found an ornate altar of the Wu Jian Council.
  4325 | D:4      | Noticed a black bear
  4329 | D:4      | Killed a black bear
  4330 | D:4      | Reached XP level 7. HP: 37/45 MP: 11/11
  4415 | D:4      | Noticed Ijyb
  4424 | D:4      | Killed Ijyb
  4524 | D:4      | Found a one-way gate to the infinite horrors of the Abyss.
  4673 | D:4      | Found a large runed translucent door.
  4674 | D:4      | Found a large runed translucent door.
  4674 | D:4      | Found a corrupted altar of Lugonu.
  4766 | D:4      | Found a staircase to the Ecumenical Temple.
  5312 | Temple   | Entered the Ecumenical Temple
  5523 | Temple   | Became a worshipper of Ashenzari the Shackled
  5627 | D:5      | Entered Level 5 of the Dungeon
  5627 | D:5      | Noticed Edmund
  5931 | D:4      | Reached skill level 5 in Fire Magic
  6170 | D:4      | Learned a level 2 spell: Scorch
  6174 | D:4      | Learned a level 3 spell: Conjure Flame
  6178 | D:4      | Learned a level 3 spell: Inner Flame
  6387 | D:4      | Slain by Edmund

Illustrated notes

Levels and vault maps discovered:
D:1:      lightli_arrival_farm, layout_basic
D:2:      layout_basic, serial_shops, shop, minmay_rat_gold_closets,
          uniq_jessica
D:3:      layout_rooms, chequers_ecumenical_altar_simple_redux
D:4:      due_chaos_kobolds, layout_basic, mainiacjoe_overflow_24_doors,
          minmay_temple_entry_arrows, uniq_ijyb, uniq_sigmund
D:5:      layout_cave_pools, hellmonk_bongcloud_opening, saegor_snake_ambush,
          uniq_edmund
Temple:   mainiacjoe_temple_hex_bubbles

Skill      XL: |  1  2  3  4  5  6  7 |
---------------+----------------------+-----
Stealth        | 3 4 |  4.9
Fighting       | 1 2 |  2.5
Conjurations   | 2 3 |  3.0
Fire Magic     | 4 5 |  5.1
Dodging        | 3 |  3.4
Spellcasting   | 3 |  3.3

Action                   |  1- 3 |  4- 6 |  7- 9 || total
-------------------------+-------+-------+-------++-------
Melee: Unarmed           |     8 |       |       ||     8
       Constrict         |    13 |     9 |     4 ||    26
       Tentacles         |     9 |     9 |     5 ||    23
       Spear             |    50 |    39 |    14 ||   103
       Punch             |       |     1 |     1 ||     2
 Cast: Foxfire           |    33 |    47 |    36 ||   116
       Scorch            |       |       |     5 ||     5
  Use: Scroll            |       |     8 |     1 ||     9
       Potion            |       |     3 |       ||     3
 Stab: Sleeping          |    11 |    10 |       ||    21
Armor: Skin              |       |     9 |     3 ||    12
Dodge: Dodged            |    50 |    32 |    15 ||    97

Table legend: (Time is in decaauts)
 A = Elapsed time spent in this place.
 B = Non-inter-level travel time spent in this place.
 C = Inter-level travel time spent in this place.
 D = Time resting spent in this place.
 E = Time spent auto-exploring this place.
 F = Levels seen in this place.
 G = Mean time per level.
                   A        B        C        D        E       F      G
               +--------+--------+--------+--------+--------+-----+--------+
         Total |   6409 |   5999 |    410 |   1031 |   4207 |   6 | 1068.2 |
       Dungeon |   6162 |   5801 |    361 |   1031 |   4014 |   5 | 1232.4 |
        Temple |    247 |    199 |     48 |      0 |    193 |   1 |  247.0 |
               +--------+--------+--------+--------+--------+-----+--------+

Top non-repeatable levels by time:
     D:4: 1865 daAuts
     D:2: 1749 daAuts
     D:1: 1473 daAuts
     D:3: 911 daAuts
  Temple: 247 daAuts
     D:5: 162 daAuts
